 Dungeon Crawl Stone Soup version 0.29.0-4-gdea44cf6ec (webtiles) character file.

Game seed: 7414594324091592694

81 Lutefisk the Sneak (level 4, 0/25 HPs)
             Began as a Vine Stalker Brigand on Aug 27, 2022.
             Slain by an adder (3 damage)
             ... on level 4 of the Dungeon.
             The game lasted 00:06:37 (992 turns).

Lutefisk the Sneak (Vine Stalker Brigand)            Turns: 992, Time: 00:06:38

Health: 0/25       AC:  6    Str: 20    XL:     4   Next: 42%
Magic:  0/5        EV: 11    Int: 17    God:
Gold:   106        SH:  4    Dex: 17    Spells: 3/3 levels left

rFire   . . .      SeeInvis .   t - +0 dagger (venom)
rCold   . . .      Faith    .   o - +0 buckler
rNeg    . . .      Spirit   +   r - +0 leather armour
rPois   .          Reflect  .   (no helmet)
rElec   .          Harm     .   c - +0 cloak
rCorr   .          Rampage  .   q - +0 pair of gloves
Will    .....                   u - +0 pair of boots
Stlth   +++.......              (no amulet)
HPRegen 0.88/turn               f - +6 ring of intelligence
MPRegen 0.09/turn               w - +6 ring of strength

@: no status effects
A: fangs 2, regeneration 1, magic shield, antimagic bite, no potion heal 2
a: no special abilities


You were on level 4 of the Dungeon.
You visited 1 branch of the dungeon, and saw 4 of its levels.

You collected 106 gold pieces.

Inventory:

Hand Weapons
 a - a +2 dagger
 h - a +0 long sword
 t - a +0 dagger of venom (weapon)
Missiles
 b - 3 boomerangs (quivered)
 d - 14 poisoned darts
 e - 7 curare-tipped darts
Armour
 c - a +0 cloak (worn)
 o - a +0 buckler (worn)
 q - a +0 pair of gloves (worn)
 r - a +0 leather armour (worn)
 u - a +0 pair of boots (worn)
Jewellery
 f - a +6 ring of intelligence (left hand)
 w - a +6 ring of strength (right hand)
Wands
 p - a wand of paralysis (3)
Scrolls
 i - 5 scrolls of identify {unknown}
 j - 2 scrolls of poison {unknown}
 l - 2 scrolls of enchant weapon {unknown}
 m - 4 scrolls of teleportation {unknown}
 v - a scroll of torment {unknown}
Potions
 g - a potion of heal wounds {unknown}
 k - a potion of berserk rage {unknown}
 n - 3 potions of brilliance {unknown}
 s - 2 potions of curing {unknown}


   Skills:
 * Level 3.8 Fighting
 - Level 1.7 Short Blades
 * Level 1.8 Throwing
 - Level 0.7 Dodging
 * Level 5.0 Stealth
 - Level 1.0 Shields


You had 3 spell levels left.
You didn't know any spells.
Your spell library contained the following spells:

 Spells                   Type           Power      Damage    Failure   Level
 Sublimation of Blood     Necr           0%         N/A       50%         2
 Petrify                  Tmut/Erth      0%         N/A       98%         4
 Irradiate                Conj/Tmut      0%         3d11      100%        5


Dungeon Overview and Level Annotations

Branches:
Dungeon (4/15)
 Temple: D:4-7

Altars:

Annotations:
D:3 Sigmund


Innate Abilities, Weirdness & Mutations

You have extremely sharp teeth.
Your natural rate of healing is unusually fast.
When hurt, damage is shared between your health and your magic reserves.
Your bite disrupts and absorbs the magic of your enemies.
Potions cannot restore your health.


Message History

The gnoll throws a throwing net.
The throwing net hits you.
You become entangled in the net!
You see here a throwing net.
You struggle against the net.
The adder looks more healthy.
The adder bites you but does no damage. The gnoll hits you but does no damage.
The gnoll hits you from afar with a +0 spear.
The adder bites you but does no damage.
You struggle against the net.
The adder bites you but does no damage. The gnoll hits you with a +0 flail!
The gnoll hits you from afar with a +0 spear.
The gnoll hits you but does no damage.
You struggle against the net.
The orc wizard shouts!
The adder bites you but does no damage. The gnoll hits you with a +0 flail!
The gnoll barely misses you. x2
You shred the net and break free! The adder barely misses you.
The gnoll hits you with a +0 flail.
* * * LOW HITPOINT WARNING * * *
The gnoll hits you from afar with a +0 spear.
* * * LOW HITPOINT WARNING * * *
You block the gnoll's attack. The gnoll misses you.
An orc comes into view. It is wielding a +0 club.
The orc wizard points at you and mumbles some strange words.
The magic dart hits you.
* * * LOW HITPOINT WARNING * * *
Unknown command.
A worm comes into view.
The adder closely misses you. The orc wizard casts a spell at you.
You resist with some effort.
An orc wizard comes into view. It is wielding a +0 dagger. x2
An orc comes into view. It is wielding a +0 club.
Found 14 gold pieces.
The orc wizard shouts!
The orc wizard casts a spell.
The orc wizard flickers and vanishes!
Deactivating autopickup; reactivate with Ctrl-A.
An endoplasm comes into view.
The adder attacks as you move away! The adder bites you.
You die...

...................
.{...........).....#
J.oo#.#.....<.......
.oo.................
..#..=........##.#
#......g..#.......
#.#.#.#g..........
#.....S.g.##.....#
#.#..@g.### ###.##
#...#.#...... ..
..... #$#...... ###.
..#...w... #
####....... #.......
.......


You could see a worm (asleep), an orc wizard, 4 gnolls, an adder, 2 orcs and an
endoplasm (wandering).

Vanquished Creatures
  5 adders
  2 worms (D:2)
  A dart slug (D:2)
  3 bats
  3 endoplasms
  2 giant cockroaches
  2 hobgoblins
  2 jackals (D:2)
  4 kobolds (D:2)
  A ball python (D:1)
  A frilled lizard (D:1)
  3 goblins
  3 rats
32 creatures vanquished.

Vanquished Creatures (others)
  A fungus (D:1)
  A plant (D:1)
2 creatures vanquished.

Grand Total: 34 creatures vanquished

Notes
Turn   | Place    | Note
-------+----------+-------------------------------------------
     0 | D:1      | Lutefisk the Vine Stalker Brigand began the quest for the
                  | Orb.
     0 | D:1      | Reached XP level 1. HP: 11/11 MP: 2/2
   163 | D:1      | Reached skill level 5 in Stealth
   225 | D:1      | Reached XP level 2. HP: 15/15 MP: 3/3
   282 | D:1      | Found a faded altar of an unknown god.
   427 | D:2      | Reached skill level 1 in Shields
   427 | D:2      | Reached XP level 3. HP: 19/19 MP: 4/4
   696 | D:2      | Gained mutation: Your natural rate of healing is unusually
                  | fast. [Vine Stalker growth]
   696 | D:2      | Reached XP level 4. HP: 16/24 MP: 5/5
   942 | D:3      | Noticed Sigmund
   989 | D:4      | HP: 1/25 [orc wizard/magic dart (4)]
   992 | D:4      | Slain by an adder

Illustrated notes

Levels and vault maps discovered:
D:1:      lemuel_arrival_broad_hall, layout_loops_ring,
          shapermc_ecumenical_altar_mp_urbaneastern
D:2:      minmay_kobold_bridge, layout_rooms
D:3:      layout_basic, uniq_sigmund
D:4:      layout_basic

Skill      XL: |  1  2  3 |
---------------+----------+-----
Fighting       | 2 3 |  3.8
Stealth        | 5 |  5.0
Shields        | 1 |  1.0
Short Blades   | |  1.7
Throwing       | |  1.8
Dodging        | |  0.7

Action                   |  1- 3 |  4- 6 || total
-------------------------+-------+-------++-------
Melee: Dagger            |    48 |    20 ||    68
       Bite              |    14 |     5 ||    19
       Punch             |     1 |       ||     1
Throw: Dart              |     3 |       ||     3
       Boomerang         |    30 |    10 ||    40
 Stab: Sleeping          |     4 |     2 ||     6
Armor: Robe              |     6 |       ||     6
       Leather armour    |     9 |    17 ||    26
Dodge: Dodged            |    18 |    10 ||    28
Block: Buckler           |     6 |     6 ||    12
